 Dungeon Crawl Stone Soup version 0.19.6-3-g7d5932f76a (webtiles) character file.

10153 Morbidden the Archer (level 11, -2/99 HPs)
             Began as a Centaur Hunter on Nov 1, 2020.
             Was a High Priest of Okawaru.
             Slain by a shadow wraith (17 damage)
             ... on level 12 of the Dungeon.
             The game lasted 00:36:11 (14127 turns).

Morbidden the Archer (Centaur Hunter)              Turns: 14127, Time: 00:36:12

Health: -2/99      AC: 16    Str: 18    XL:     11   Next: 32%
Magic:  14/14      EV:  6    Int: 10    God:    Okawaru [*****.]
Gold:   1002       SH:  0    Dex: 10    Spells: 0 memorised, 10 levels left

rFire  + . .     SeeInvis .     b - +0 arbalest
rCold  . . .     Gourm    .     V - +2 chain mail {rF+}
rNeg   + + .     Faith    +     (shield currently unavailable)
rPois  .         Spirit   .     m - +0 helmet
rElec  .         Reflect  .     r - +0 cloak
rCorr  .         Harm     .     R - +2 pair of gloves
MR     .....                    (no barding)
Stlth  ..........               Q - amulet of faith
                                T - ring of positive energy
                                q - ring of positive energy

@: slowed
A: hooves 3, deformed body, speed 2, tough skin 3
a: Heroism, Finesse, Renounce Religion


You were on level 12 of the Dungeon.
You worshipped Okawaru.
Okawaru was extremely pleased with you.
You were not hungry.

You visited 2 branches of the dungeon, and saw 13 of its levels.
You also visited: Sewer and Ossuary.

You collected 1002 gold pieces.

Inventory:

Hand Weapons
 a - a +1 shortbow
 b - a +0 arbalest (weapon)
 l - a +0 short sword
 F - a +3 dagger of venom
Missiles
 e - 59 bolts (quivered)
 P - 7 tomahawks
 U - 29 arrows
Armour
 m - a +0 helmet (worn)
 r - a +0 cloak (worn)
 R - a +2 pair of gloves (worn)
 V - a +2 chain mail of fire resistance (worn)
Jewellery
 q - a ring of positive energy (left hand)
 Q - an amulet of faith (around neck)
 T - a ring of positive energy (right hand)
Wands
 d - a wand of slowing (18/48)
 o - a wand of iceblast (10/15)
 w - a wand of lightning (6/15)
 N - a wand of iceblast (4/15)
 W - a wand of disintegration (13/24)
 Z - a wand of lightning (7/15)
Scrolls
 p - 7 scrolls of remove curse
 u - 5 scrolls of enchant weapon
 y - 2 scrolls of recharging
 H - 6 scrolls of fog
 I - 3 scrolls of fear
 J - 9 scrolls of teleportation
 K - a scroll of amnesia
 X - 3 scrolls of identify
 Y - a scroll of blinking {unknown}
Potions
 c - 3 potions of curing
 g - 2 potions of cancellation {unknown}
 h - a potion of brilliance {unknown}
 j - 2 potions of degeneration {unknown}
 k - a potion of berserk rage
 n - 3 potions of mutation
 s - 6 potions of might
 v - a potion of cure mutation {unknown}
 x - 3 potions of invisibility {unknown}
 B - a potion of agility {unknown}
 C - a potion of lignification {unknown}
 D - a potion of ambrosia {unknown}
 E - a potion of haste {unknown}
 G - 4 potions of magic {unknown}
 O - a potion of resistance {unknown}
 S - a potion of heal wounds
Books
 i - a book of Debilitation

   Spells                             Type                      Level
   a - Corona                         Hexes                        1
   b - Slow                           Hexes                        2
   c - Gell's Gravitas                Hexes/Translocation          3
   d - Inner Flame                    Hexes/Fire                   3
   e - Cause Fear                     Hexes                        4
   f - Leda's Liquefaction            Hexes/Earth                  4
 z - a book of Changes

   Spells                             Type                      Level
   a - Beastly Appendage              Transmutation                1
   b - Sticks to Snakes               Transmutation                2
   c - Spider Form                    Transmutation/Poison         3
   d - Ice Form                       Ice/Transmutation            4
   e - Blade Hands                    Transmutation                5
 M - a book of Minor Magic

   Spells                             Type                      Level
   a - Magic Dart                     Conjuration                  1
   b - Blink                          Translocation                2
   c - Call Imp                       Summoning                    2
   d - Repel Missiles                 Charms/Air                   2
   e - Slow                           Hexes                        2
   f - Conjure Flame                  Conjuration/Fire             3
   g - Mephitic Cloud                 Conjuration/Poison/Air       3
Comestibles
 f - 13 bread rations
 t - 7 fruits
 A - 5 meat rations
 L - 2 slices of pizza


   Skills:
 * Level 9.8 Fighting
 + Level 3.6 Short Blades
 + Level 11.8 Bows
 + Level 7.6 Crossbows
 + Level 1.0 Throwing
 + Level 5.8 Armour
 + Level 2.6 Dodging
 + Level 0.5 Stealth
 * Level 5.0 Invocations


You had 10 spell levels left.
You didn't know any spells.

Dungeon Overview and Level Annotations

Branches:
Dungeon (12/15)            Temple (1/1) D:7            Lair (0/6) D:9
    Orc (0/2) D:9

Altars:
Ashenzari
Cheibriados
Dithmenos
Elyvilon
Fedhas
Gozag
Hepliaklqana
Kikubaaqudgha
Makhleb
Nemelex Xobeh
Okawaru
Qazlal
Ru
Sif Muna
Trog
Uskayaw
Vehumet
Xom
Yredelemnul
Zin
The Shining One


Innate Abilities, Weirdness & Mutations

You have hooves in place of feet.
Armour fits poorly on your strangely shaped body.
You cover ground very quickly.
You have extremely tough skin. (AC +3)


Message History

No target in view!
Unknown command.
You start resting.
Something hits you! Something drains your vigour!
You feel yourself slow down.
There is a strange disturbance nearby!
There is a strange disturbance nearby!
Unknown command.
b - a +0 arbalest (weapon)
Something hits you!
* * * LOW HITPOINT WARNING * * *
Something drains your vigour!
You feel as though you will be slow longer.
Unknown command.
You clumsily bash something but do no damage.
You kick something. Something hits you!
* * * LOW HITPOINT WARNING * * *
Something drains your vigour!
You feel as though you will be slow longer.
Something hits you!
You die...

.....................#..
................####.###
..#.............###.#
###.............##.#
##.##.............#.###
##...##....)........>..#
#.....##...%.......#.#.#
......{###'###.......#.#
().....@.....#.......#.#
########.....#.......#..
##....+.......###
##...#........
##..#.......# #.# ..#
...


There were no monsters in sight!

Vanquished Creatures
  Harold (D:10)
  3 ugly things
  A troll (D:10)
  A two-headed ogre (D:10)
  Sigmund (D:5)
  A spriggan (D:7)
  2 wyverns
  A wraith (D:9)
  A basilisk (D:11)
  2 hungry ghosts (D:9)
  A mottled dragon (D:12)
  3 vampire mosquitoes (D:10)
  2 soldier ants
  4 water moccasins
  5 orc warriors
  2 ice beasts
  2 black bears
  A sky beast (D:9)
  9 ogres
  4 phantoms
  2 crocodiles
  4 centaurs
  A big kobold (D:12)
  8 bullfrogs
  A gnoll sergeant (D:8)
  2 troll zombies (D:9)
  3 killer bees (D:11)
  5 howler monkeys (D:9)
  6 crimson imps
  5 bullfrog zombies
  6 hounds
  8 orc priests
  A jelly (D:6)
  9 orc wizards
  A centaur skeleton (D:9)
  2 hell rats (D:9)
  An iguana (D:6)
  9 worker ants
  6 ogre zombies (D:9)
  A hound zombie (D:6)
  8 mummies (Ossuary)
  8 gnolls
  6 river rats
  14 adders
  3 shadow imps
  2 oozes
  An adder skeleton (D:9)
  A worm (D:2)
  4 dart slugs
  3 leopard geckos
  61 orcs
  8 giant cockroaches
  5 goblins
  5 hobgoblins
  8 jackals
  13 kobolds
  8 quokkas
  12 ball pythons
  10 bats
  11 frilled lizards
  A gnoll zombie (Ossuary)
  4 goblin skeletons (D:9)
  4 goblin zombies (D:9)
  A hobgoblin skeleton (D:9)
  4 hobgoblin zombies
  A jackal zombie (D:7)
  3 kobold zombies (Ossuary)
  4 orc skeletons (D:9)
  12 orc zombies
  38 rats
391 creatures vanquished.

Notes
Turn   | Place    | Note
-------+----------+-------------------------------------------
     0 | D:1      | Morbidden the Centaur Hunter began the quest for the Orb.
     0 | D:1      | Reached XP level 1. HP: 17/17 MP: 1/1
   335 | D:1      | Reached XP level 2. HP: 23/24 MP: 2/2
   857 | D:1      | Reached skill level 6 in Bows
   875 | D:1      | Reached XP level 3. HP: 24/30 MP: 3/3
   978 | D:2      | Found a radiant altar of Vehumet.
   979 | D:2      | Found a white marble altar of Elyvilon.
  1339 | D:2      | Reached XP level 4. HP: 23/37 MP: 4/4
  1474 | D:2      | Reached skill level 1 in Armour
  1507 | D:2      | Reached skill level 1 in Short Blades
  1979 | D:4      | Found a sand-covered staircase.
  1989 | Ossuary  | Entered an ossuary
  2052 | Ossuary  | Reached XP level 5. HP: 22/45 MP: 5/5
  2493 | D:4      | Reached XP level 6. HP: 30/52 MP: 6/6
  2884 | D:4      | Reached skill level 7 in Bows
  3351 | D:5      | Entered Level 5 of the Dungeon
  3386 | D:5      | Reached XP level 7. HP: 36/60 MP: 7/7
  3565 | D:5      | Reached skill level 5 in Fighting
  3565 | D:5      | Reached skill level 8 in Bows
  3708 | D:5      | Found a glowing drain.
  3715 | Sewer    | Entered a sewer
  4315 | Sewer    | Reached skill level 1 in Crossbows
  4588 | Sewer    | Reached XP level 8. HP: 69/69 MP: 8/8
  4780 | D:5      | Noticed Sigmund
  4875 | D:5      | Killed Sigmund
  4895 | D:5      | HP: 3/70 [poisoned by a water moccasin]
  4927 | D:5      | HP: 3/70 [poisoned by a water moccasin]
  4932 | D:5      | HP: 2/70 [poisoned by a water moccasin]
  4937 | D:5      | HP: 1/70 [poisoned by a water moccasin]
  4942 | D:5      | HP: 1/70 [poisoned by a water moccasin]
  6048 | D:6      | Reached XP level 9. HP: 39/78 MP: 9/9
  6757 | D:7      | Reached skill level 5 in Crossbows
  7150 | D:7      | Found a staircase to the Ecumenical Temple.
  7156 | Temple   | Entered the Ecumenical Temple
  7338 | Temple   | Became a worshipper of Warmaster Okawaru
  7849 | D:8      | Reached skill level 1 in Invocations
  7900 | D:8      | Reached skill level 9 in Bows
  8061 | D:8      | Reached * piety under Okawaru
  8858 | D:8      | Found a deep blue altar of Sif Muna.
  8862 | D:8      | Found a stormy altar of Qazlal.
  8862 | D:8      | Found a glowing silver altar of Zin.
  8866 | D:8      | Found a bloodstained altar of Trog.
  8866 | D:8      | Found a sacrificial altar of Ru.
  9308 | D:9      | Found a staircase to the Lair.
  9416 | D:9      | Reached ** piety under Okawaru
  9416 | D:9      | Reached XP level 10. HP: 80/88 MP: 10/12
  9501 | D:9      | Found a staircase to the Orcish Mines.
  9518 | D:9      | Reached skill level 10 in Bows
  9524 | D:9      | Reached skill level 1 in Throwing
  9524 | D:9      | Reached skill level 5 in Armour
  9677 | D:9      | Found a shattered altar of Ashenzari.
 10379 | D:9      | Reached *** piety under Okawaru
 11051 | D:10     | Entered Level 10 of the Dungeon
 11290 | D:10     | Reached **** piety under Okawaru
 11342 | D:10     | Noticed Harold
 11530 | D:10     | Reached skill level 11 in Bows
 11571 | D:10     | Killed Harold
 11571 | D:10     | Received a gift from Okawaru
 12092 | D:11     | Reached XP level 11. HP: 75/97 MP: 14/14
 12222 | D:11     | Noticed a red ugly thing
 12270 | D:11     | Noticed a red ugly thing
 12454 | D:11     | Killed a red ugly thing
 12877 | D:11     | Killed a red ugly thing
 13135 | D:12     | Reached ***** piety under Okawaru
 13419 | D:12     | Received a gift from Okawaru
 13638 | D:12     | Noticed a fire crab
 14015 | D:12     | Noticed a white ugly thing
 14047 | D:12     | Killed a white ugly thing
 14124 | D:12     | Reached skill level 5 in Invocations
 14127 | D:12     | Slain by a shadow wraith

Skill      XL: |  1  2  3  4  5  6  7  8  9 10 11 |
---------------+----------------------------------+-----
Bows           | 6 7 8 9 11 | 11.8
Armour         | 1 2 3 4 5 |  5.8
Short Blades   | 1 2 3 |  3.6
Fighting       | 3 4 5 6 7 9 |  9.8
Dodging        | 2 |  2.6
Crossbows      | 1 4 6 7 |  7.6
Invocations    | 2 4 5 |  5.0
Throwing       | 1 |  1.0
Stealth        | |  0.5

Action                   |  1- 3 |  4- 6 |  7- 9 | 10-12 || total
-------------------------+-------+-------+-------+-------++-------
Melee: Short sword       |    11 |       |       |       ||    11
       Dagger            |    94 |   102 |   324 |   125 ||   645
       Kick              |    14 |    21 |    60 |    39 ||   134
       Punch             |       |       |       |     2 ||     2
       Arbalest          |       |       |       |     1 ||     1
 Fire: Shortbow          |    46 |    73 |   256 |   393 ||   768
       Arbalest          |       |       |   158 |    97 ||   255
Throw: Tomahawk          |       |       |    15 |     2 ||    17
Invok: Heroism           |       |       |     1 |     3 ||     4
Evoke: Wand              |       |     3 |       |       ||     3
  Use: Scroll            |     2 |     9 |     7 |     1 ||    19
       Potion            |       |     1 |     8 |     1 ||    10
  Eat: Chunk             |     1 |     4 |    17 |    12 ||    34
       Beef jerky        |       |       |       |     3 ||     3
       Fruit             |       |       |       |     1 ||     1
Armor: Leather armour    |    61 |    16 |       |       ||    77
       Chain mail        |       |    55 |   264 |   179 ||   498
       Plate armour      |       |       |    99 |       ||    99
Dodge: Dodged            |    57 |    33 |   146 |    90 ||   326
